 Dungeon Crawl Stone Soup version 0.20-b1-2-gc5a9893 (webtiles) character file.

55 zhorgal the Changer (level 3, 0/23 HPs)
             Began as an Octopode Transmuter on May 22, 2017.
             Slain by an adder (5 damage)
             ... on level 2 of the Dungeon.
             The game lasted 00:06:59 (1795 turns).

zhorgal the Changer (Octopode Transmuter)           Turns: 1795, Time: 00:07:00

Health: 0/23       AC:  1    Str:  9    XL:     3   Next: 93%
Magic:  4/6        EV: 13    Int: 16    God:
Gold:   59         SH:  0    Dex: 12    Spells: 1/7 levels left

rFire    . . .     SeeInvis .   g - -3 dagger (curse)
rCold    . . .     Gourm    .   (no shield)
rNeg     . . .     Faith    .   (helmet restricted)
rPois    .         Spirit   .   (no amulet)
rElec    .         Reflect  .   (no ring)
rCorr    .         Harm     .   (no ring)
MR       .....                  (no ring)
Stlth    ++........             (no ring)
Regen    0.1/turn               (no ring)
MPRegen  0.1/turn               (no ring)
                                (no ring)
                                (no ring)

@: lethally poisoned (0 -> -6)
A: almost no armour, stealthy swim, amphibious, 8 rings, constrict 8, camouflage
1, gelatinous body 1
a: no special abilities


You were on level 2 of the Dungeon.
You were not hungry.

You visited 1 branch of the dungeon, and saw 2 of its levels.

You collected 59 gold pieces.

Inventory:

Hand Weapons
 g - a cursed -3 dagger (weapon)
 j - a +0 short sword
Missiles
 a - 32 arrows
 h - 53 stones (quivered)
Scrolls
 f - a scroll of immolation {unknown}
Potions
 d - 2 potions of flight
 e - a potion of lignification {unknown}
 k - a potion of mutation {unknown}
Books
 b - a book of Changes

   Spells                             Type                      Level
   a - Beastly Appendage              Transmutation                1
   b - Sticks to Snakes               Transmutation                2
   c - Spider Form                    Transmutation/Poison         3
   d - Ice Form                       Ice/Transmutation            4
   e - Blade Hands                    Transmutation                5
Comestibles
 c - 2 bread rations
 i - 3 fruits
 l - a meat ration


   Skills:
 - Level 1.0 Fighting
 - Level 2.0 Dodging
 - Level 3.0 Unarmed Combat
 + Level 2.5 Spellcasting
 * Level 3.6 Transmutations


You had one spell level left.
You knew the following spells:

 Your Spells              Type           Power        Failure   Level  Hunger
a - Beastly Appendage     Tmut           ##....       4%          1    #......
b - Sticks to Snakes      Tmut           ##......     7%          2    ##.....
c - Spider Form           Tmut/Pois      #.........   28%         3    ###....


Dungeon Overview and Level Annotations

Branches:
Dungeon (2/15)

Altars:


Innate Abilities, Weirdness & Mutations

You cannot wear most types of armour.
You are very stealthy in the water. (Stealth+)
You are amphibious.
You can wear up to eight rings at the same time.
You can use your tentacles to constrict eight enemies at once.
Your skin changes colour to match your surroundings (Stealth+).
Your rubbery body absorbs attacks. (AC +1, EV +1)


Message History

Your ball python constricts the adder.
The adder bites your ball python.
Your ball python dies!
You hit the adder but do no damage. You grab the adder.
The adder is moderately wounded.
You constrict the adder. The adder misses you.
You hit the adder but do no damage.
The adder is moderately wounded.
You constrict the adder. The adder bites you.
You are poisoned.
The adder poisons you!
You hit the adder but do no damage.
The adder is heavily wounded.
You constrict the adder.
You feel sick. The adder misses you.
You hit the adder but do no damage.
The adder is severely wounded.
You constrict the adder. The adder bites you.
* * * LOW HITPOINT WARNING * * *
The adder bites you.
You die...

.## .#..# #. ...#
#.#. ...#
#.#.##..## ###.
#.#...... .....
#. #.%.####......
#. #.....@S.....>
#.##.#..######..#
#.......#
####...8...#
8.8.8.8.......#
........8_8..#
........[......
#.##.##..8...#
...............#
#..#......#
..............(#
#..##....#
....?g..........
##.....#.#
..............#


You could see an adder.

Vanquished Creatures
  An adder (D:1)
  A dart slug (D:1)
  5 bats
  A giant cockroach (D:1)
  5 goblins
  A hobgoblin (D:1)
  6 jackals (D:1)
  6 kobolds
  A frilled lizard (D:1)
  3 rats (D:1)
30 creatures vanquished.

Vanquished Creatures (collateral kills)
  An adder (D:2)
  A worm (D:2)
  A dart slug (D:2)
  A goblin (D:2)
  A hobgoblin (D:2)
5 creatures vanquished.

Grand Total: 35 creatures vanquished

Notes
Turn   | Place    | Note
-------+----------+-------------------------------------------
     0 | D:1      | zhorgal the Octopode Transmuter began the quest for the Orb.
     0 | D:1      | Reached XP level 1. HP: 13/13 MP: 3/3
   363 | D:1      | Reached XP level 2. HP: 15/18 MP: 3/5
   367 | D:1      | Learned a level 2 spell: Sticks to Snakes
   984 | D:1      | Reached XP level 3. HP: 23/23 MP: 4/6
  1022 | D:1      | Learned a level 3 spell: Spider Form
  1442 | D:2      | Found a faded altar of an unknown god.
  1795 | D:2      | Slain by an adder

Skill      XL: |  1  2 |
---------------+-------+-----
Transmutations | 3 |  3.6
Fighting       | |  1.0
Dodging        | |  2.0
Unarmed Combat | |  3.0
Spellcasting   | |  2.5

Action                   || total
-------------------------++-------
Melee: Unarmed           ||    21
       Constrict         ||    28
       Kick              ||    21
       Tentacles         ||    11
       Punch             ||     3
       Dagger            ||    87
Throw: Stone             ||     7
 Cast: Beastly Appendage ||    12
       Sticks to Snakes  ||     5
  Use: Scroll            ||     3
 Stab: Sleeping          ||     2
  Eat: Chunk             ||     3
Armor: Skin              ||    18
Dodge: Dodged            ||    85
